[Event "Late-Titled-Tuesday-Blitz-February-06-2024"]
[Site "Chess.com"]
[Date "2024.02.06"]
[Round "4"]
[White "Fh2411"]
[Black "YouShallNotPass001"]
[Result "0-1"]
[WhiteElo "2603"]
[BlackElo "2460"]
[TimeControl "180+1"]
[EndTime "14:40:29 PST"]
[Termination "YouShallNotPass001 won by resignation"]

1. d4 Nf6 2. Nf3 e6 3. Bf4 c5 4. e3 Be7 5. c3 b6 6. Nbd2 Bb7 7.
Nc4 O-O 8. Nd6 Bc6 9. dxc5 bxc5 10. Be2 Nh5 11. Bg3 Nxg3 12. hxg3 Qc7 13. Qc2 g6 14.
Ne4 Kg7 15. g4 Qb7 16. Ng3 h6 17. Qd2 Na6 18. e4 Rh8 19. e5 Rab8 20. O-O-O Nc7 21. Rh3 Qb6 22. Rdh1 Bxf3 23. gxf3 Nd5 24. Rxh6 Qc7 25. Rxh8 Rxh8 26. Rxh8 Kxh8 27. f4 Qa5 28. Ne4 Qxa2 29. Bd3 Kg7 30. Bb1 Qc4 31. Bd3 Qa4 32. f5 exf5 33.
gxf5 gxf5 34. Ng3 Qf4 35. Nxf5+ Kf8 36. Nxe7 Kxe7 37. Qxf4 Nxf4 38. Bf5 Ng2 39. Kd2 Nh4 40. Bg4 Ng6 41. Ke3 Nxe5 42. Be2 d5 43. Kf4 Kf6 44. Bb5 Ng6+ 45. Ke3 Ke5 46. Be8 Ke6 47. f4 Ne7 48. Kf3 f5 49. Bb5 Kd6 50. Bd3 d4 51. cxd4 cxd4 52. Bc4 Nd5 53. Ba6 Kc5 54. Bc8 Ne7 55.
Be6 Kd6 56. Bc4 Nd5 57. Bd3 Ne7 58. Ba6 Kc5 59. Bd3 Kb4 60. Bc2 Kc4 61. Ke2 a5 62.
Kd2 Kd5 63. Ke2 Kc4 64. Kd2 Kb4 65. Kd3 Kc5 66. Ke2 Nd5 67. Bxf5 Nxf4+ 68. Kd2 Nd5 69. Kc2 Ne3+ 70. Kd3 Nxf5 0-1

[Event "Late-Titled-Tuesday-Blitz-February-06-2024"]
[Site "Chess.com"]
[Date "2024.02.06"]
[Round "4"]
[White "Polish_fighter3000"]
[Black "lucliasco"]
[Result "1-0"]
[WhiteElo "3048"]
[BlackElo "2875"]
[TimeControl "180+1"]
[EndTime "14:40:38 PST"]
[Termination "Polish_fighter3000 won by resignation"]

1. e4 e5 2. Nc3 Nc6 3. f4 exf4 4. d4 Bb4 5. Nf3 d5 6. e5 Bg4 7. Bb5 Ne7 8. Bxf4 O-O 9. O-O Ng6 10. Bg3 Nce7 11. h3 Be6 12. Ng5 Bf5 13. Ne2 c6 14. Bd3 Bxd3 15. Qxd3 h6 16. Nf3 Qd7 17. c3 Ba5 18.
Nh2 Bb6 19. Rf3 c5 20. Raf1 cxd4 21. cxd4 Nc6 22. Ng4 Rae8 23. Kh1 Re6 24. Be1 a6 25. Bc3 Nce7 26. Ng3 Qb5 27. Qd1 Nh4 28. Rf4 Nhg6 29. R4f2 Nh4 30. Nh5 Rg6 31. g3 Nhf5 32. Rxf5 Nxf5 33.
Rxf5 Qd7 34. Qf3 Bd8 35. Kh2 b5 36. Bb4 Re8 37. Bc5 a5 38. Ne3 Bg5 39. Nxd5 Rd8 40.
Nc3 Bd2 41. Ne4 Bb4 42. Nd6 Qe6 43. Rxf7 Bxc5 44. dxc5 Qxe5 45. Rf5 Qxb2+ 46. Qg2 Qc3 47. Nf4 Rgxd6 48. cxd6 Rxd6 49. Rd5 Rxd5 50. Qxd5+ Kh7 51. Qf5+ Kg8 52. Qe6+ Kh7 53. Qe4+ Kh8 54. Qe8+ Kh7 55. Qxb5 Qd2+ 56. Qe2 Qd4 57. h4 Qa1 58. h5 a4 59. Qc2+ Kg8 60. Qxa4 Qb2+ 61. Kh3 Qb8 62. Qc4+ Kh8 63. a4 Kh7 64. a5 Qd8 65. Qe4+ Kh8 66.
a6 Qc8+ 67. Qe6 Qa8 68. Kg4 Qd8 69. a7 Qa8 70. Qd7 Kh7 71. Qf5+ Kh8 72. Ng6+ Kg8 73. Qf8+ Kh7 74. Qh8+ Qxh8 75. Nxh8 Kg8 76. a8=Q+ Kh7 77.
Nf7 1-0

[Event "Late-Titled-Tuesday-Blitz-February-06-2024"]
[Site "Chess.com"]
[Date "2024.02.06"]
[Round "4"]
[White "Jarrahi2452"]
[Black "GHANDEEVAM2003"]
[Result "0-1"]
[WhiteElo "2799"]
[BlackElo "3038"]
[TimeControl "180+1"]
[EndTime "14:40:43 PST"]
[Termination "GHANDEEVAM2003 won on time"]

1. d4 d6 2. Nf3 g6 3. Bf4 Bg7 4. e3 Nc6 5. h3 Nf6 6. c3 O-O 7. Be2 Qe8 8. O-O e5 9. Bh2 Qe7 10. a4 a5 11. Nbd2 Re8 12. Rc1 h6 13. Bb5 e4 14. Ne1 Bd7 15. Nc2 Kh7 16. Na3 h5 17. c4 Nb4 18. c5 Nd3 19. Bxd3 exd3 20. cxd6 cxd6 21. Ndc4 d5 22. Nd6 Red8 23. Rc7 Ne4 24.
Ndb5 d2 25. f3 Ng5 26. Qxd2 Ne6 27. Rcc1 Bc6 28. Rfe1 Re8 29. Bd6 Qg5 30. Kh2 h4 31. Qf2 Rad8 32. f4 Qh5 33. Qf3 Qh6 34. Bc5 Nxc5 35.
Rxc5 Bf8 36. Rcc1 Re6 37. Rf1 f5 38. Rce1 Qg7 39. Qe2 Bb4 40. Rd1 Rde8 41. Nc2 Bf8 42. b3 Kg8 43. Nc3 g5 44. fxg5 Qxg5 45. Kh1 f4 46. Rde1 fxe3 47. Qf3 Bd6 48. Qf7+ Kh8 49.
Rf5 Qg7 50. Rh5+ Rh6 51. Qxg7+ Kxg7 52. Rxh6 Kxh6 53. Rxe3 Rf8 54. Re6+ Kg5 55. Rxd6 Kf4 56. Nxd5+ Kg3 57. Nde3 Bxg2+ 58. Kg1 Bxh3 59. Rg6+ Kf3 60. d5 Bc8 61. d6 h3 62. Kh2 Ke4 63. Rg7 Rf2+ 64.
Kh1 Rd2 65. Rc7 Be6 66. d7 Bxd7 67. Rxb7 Kf4 68. Rb6 Bc8 69. Na3 Re2 70. Nac4 Ra2 71. Rf6+ Kg3 72. Ne5 Bb7+ 0-1

[Event "Late-Titled-Tuesday-Blitz-February-06-2024"]
[Site "Chess.com"]
[Date "2024.02.06"]
[Round "4"]
[White "dennisodessa"]
[Black "Dedic8"]
[Result "1-0"]
[WhiteElo "2600"]
[BlackElo "2869"]
[TimeControl "180+1"]
[EndTime "14:40:50 PST"]
[Termination "dennisodessa won by resignation"]

1. d4 Nf6 2. c4 e6 3. Nc3 d5 4.
cxd5 exd5 5. Bg5 Be7 6. e3 h6 7.
Bh4 c6 8. Bd3 O-O 9. Qc2 Ne8 10.
Bxe7 Qxe7 11. Nf3 Nd7 12. O-O Nd6 13. Na4 Ne4 14. Nd2 Ndf6 15. Rac1 Bf5 16. Nc5 Rfe8 17. Rfe1 Bg6 18. f3 Nxc5 19. Bxg6 fxg6 20. Qxc5 Qf7 21.
b3 g5 22. e4 dxe4 23. fxe4 Qg6 24. d5 cxd5 25. e5 Ng4 26. Qxd5+ Kh8 27. Qxb7 Qd3 28. Nf3 a5 29. Qe4 Qd7 30. e6 Qa7+ 31. Qd4 Qxd4+ 32. Nxd4 a4 33. e7 axb3 34. axb3 Ra7 35. Nc6 Rb7 36. b4 Kg8 37. Rcd1 Nf6 38. Rd8 Kf7 39. Red1 Kg6 40. Rf1 Kf7 41. Rfd1 Kg6 42. h3 Kf7 43. Rxe8 Kxe8 44. Rd8+ Kf7 45. Rf8+ Kg6 46. e8=Q+ Nxe8 47. Rxe8 Kf5 48. Kh2 Rb6 49. Rc8 g4 50. Nd4+ Ke4 51.
Nc6 gxh3 52. Kxh3 Kd5 53. Ne7+ Ke5 54. Nc6+ Kd6 55. Na7 Rxb4 56. Rc6+ Ke5 57. Rg6 Rb7 58. Nc6+ Kf5 59. Rg3 g5 60. Nd4+ Kg6 61. Nf3 Re7 62. Kh2 Kf5 63. Ng1 Kg6 64. Rf3 Re6 65. Rf2 Ra6 66.
Ne2 h5 67. Nd4 Rd6 68. Nf3 Re6 69. Rd2 h4 70. Rd5 Kf6 71. Rxg5 Re3 72. Rg4 h3 73. Kxh3 Kf5 74. Kg3 Rd3 75. Rf4+ Ke6 76. Rg4 Ra3 77. Rd4 Kf5 78. Rd5+ Ke6 79. Rd4 Ra4 80. Rxa4 1-0

[Event "Late-Titled-Tuesday-Blitz-February-06-2024"]
[Site "Chess.com"]
[Date "2024.02.06"]
[Round "4"]
[White "colegiodemadrid"]
[Black "GAusal"]
[Result "1/2-1/2"]
[WhiteElo "2500"]
[BlackElo "2305"]
[TimeControl "180+1"]
[EndTime "14:40:50 PST"]
[Termination "Game drawn by repetition"]

1. d4 d5 2. c4 c6 3. Nf3 dxc4 4. e3 b5 5. a4 Qb6 6. axb5 cxb5 7. b3 c3 8. Nxc3 e6 9. Bxb5+ Bd7 10. Bxd7+ Nxd7 11. O-O Ngf6 12. Qd3 Bb4 13. Ra6 Qb7 14. Na2 Be7 15.
Bd2 O-O 16. h3 e5 17. Nxe5 Nxe5 18. dxe5 Ne4 19. b4 Nxd2 20. Rd1 Ne4 21. Qe2 Rfd8 22.
Rb1 Rac8 23. Ra3 Ng5 24. Qg4 Qe4 25. Qxe4 Nxe4 26. Rxa7 Kf8 27. b5 Nd2 28. Rb2 Nc4 29. Rb1 Nb6 30. Ra6 Rb8 31. Nc3 Rdc8 32. Ne4 Nc4 33.
b6 Rc6 34. Nc3 Nxe5 35. Nd5 Bd8 36. Ra7 Bxb6 37. Ra6 Nd7 38. g3 Bd8 39. Rxb8 Nxb8 40. Ra8 Rc1+ 41. Kg2 Rb1 42. Ra7 f6 43. Ra4 Nc6 44.
Ra8 Ne5 45. Rxd8+ Kf7 46. Rd6 Kg6 47. Rd8 Rb2 48. Ne7+ Kh6 49. Nf5+ Kg6 50. Ne7+ Kh6 51. Nf5+ Kg6 52. Nh4+ Kh6 53. Rd5 Nc4 54. Kf3 Ra2 55. g4 Nd2+ 56. Kg2 g6 57. Nf3 Ne4 58. g5+ Kg7 59.
Rd7+ Kf8 60. gxf6 Rxf2+ 61. Kg1 Rxf3 62. Re7 Nxf6 63. Rxh7 Rxe3 64. Kg2 Kg8 65. Rc7 Re2+ 66. Kf3 Re5 67. Kf4 Rf5+ 68. Kg3 Nh5+ 69. Kg4 Nf4 70. Rc4 Rf7 71. Rc8+ Kg7 72. Rc4 Ne6 73. Rc6 Nf4 74. Rc4 Nh5 75. Rc6 Nf6+ 76. Kg5 Ne4+ 77.
Kg4 Nf6+ 78. Kg5 Nh7+ 79. Kg4 Nf6+ 1/2-1/2

[Event "Late-Titled-Tuesday-Blitz-February-06-2024"]
[Site "Chess.com"]
[Date "2024.02.06"]
[Round "4"]
[White "sergiochess83"]
[Black "grzechu96"]
[Result "1/2-1/2"]
[WhiteElo "2913"]
[BlackElo "2744"]
[TimeControl "180+1"]
[EndTime "14:40:51 PST"]
[Termination "Game drawn - insufficient material"]

1. Nf3 d5 2. e3 Nf6 3. c4 c6 4. Nc3 e6 5. d4 Nbd7 6. Qc2 Bd6 7.
Bd3 O-O 8. O-O dxc4 9. Bxc4 b5 10. Be2 Bb7 11. Rd1 Qc7 12. e4 e5 13. g3 Rfe8 14.
dxe5 Nxe5 15. Nd4 Bc5 16. Nf5 Neg4 17. Bxg4 Nxg4 18. Rf1 b4 19. Na4 Bf8 20. f3 Ne5 21. Nc5 Bxc5+ 22. Qxc5 Ba6 23. Rf2 Nd3 24. Qd4 f6 25.
Rc2 Ne1 26. Rf2 Rad8 27. Qxb4 Nd3 28. Qb3+ Kh8 29. Bf4 Nxf4 30. gxf4 Bc8 31. Ng3 Qxf4 32. Qc3 Rd6 33. Re1 Qe5 34. Qxe5 fxe5 35. Rc2 Be6 36. b3 Rf8 37. Kf2 Bg4 38. Re3 Rdf6 39. Rcc3 g6 40.
Ke2 Bd7 41. Red3 R8f7 42. Nf1 Kg7 43. Nd2 Kf8 44. Nc4 Re7 45. Rd6 Rxd6 46. Nxd6 g5 47. Nc4 g4 48. fxg4 Bxg4+ 49. Ke3 Ke8 50. Na5 Rf7 51. Nxc6 Rf3+ 52. Kd2 Rf2+ 53. Kc1 Rxh2 54. Nxe5 Be6 55. Rc6 Ke7 56. Ra6 h5 57. Rxa7+ Kd6 58. Nf3 Rf2 59. Ra6+ Kc5 60. Rxe6 Rxf3 61. Rh6 Rf2 62. a3 Kd4 63. Rxh5 Kc3 64. Rh3+ Kd4 65. a4 Kxe4 66. Kb1 Kd4 67. Rg3 Kc5 68. Rd3 Kb4 69. Kc1 Rg2 70. Kd1 Rb2 71. Kc1 Rg2 72. Kd1 Rf2 73. Ke1 Rb2 74. Re3 Rc2 75. Kf1 Ra2 76. Ke1 Rc2 77. Kd1 Rf2 78. Rh3 Rb2 79. Kc1 Rf2 80.
Rg3 Re2 81. Rd3 Rf2 82. Rd2 Rf3 83. Kc2 Rc3+ 84. Kb1 Rxb3+ 85. Rb2 Rxb2+ 86. Kxb2 Kxa4 1/2-1/2

[Event "Late-Titled-Tuesday-Blitz-February-06-2024"]
[Site "Chess.com"]
[Date "2024.02.06"]
[Round "4"]
[White "Doublekk14"]
[Black "Quattroporte300"]
[Result "0-1"]
[WhiteElo "2304"]
[BlackElo "2381"]
[TimeControl "180+1"]
[EndTime "14:40:51 PST"]
[Termination "Quattroporte300 won on time"]

1. c4 c6 2. e4 d5 3. exd5 cxd5 4.
d4 Nf6 5. Nc3 g6 6. Nf3 Bg7 7.
h3 O-O 8. Be2 Nc6 9. O-O dxc4 10.
Bxc4 Bf5 11. Be3 Rc8 12. Bb5 a6 13. Be2 Nb4 14. Rc1 Nfd5 15. a3 Nxe3 16. fxe3 Nd5 17.
Qd2 Qd6 18. Nxd5 Qxd5 19. Bd3 Bxd3 20. Qxd3 e5 21. e4 Qd6 22. d5 Bh6 23. Rc4 b5 24. Rc3 Bf4 25. b4 f5 26. Rxc8 Rxc8 27. exf5 Rd8 28.
Rd1 Re8 29. Qe4 gxf5 30. Qxf5 Qg6 31. Qxg6+ hxg6 32. d6 Rd8 33. Rd5 Kf7 34. Nxe5+ Bxe5 35. Rxe5 Rxd6 36. Re3 Kf6 37. g4 Kg5 38. Kg2 Kf4 39. Rf3+ Ke4 40. Rc3 g5 41. Kg3 Rd1 42. Rc5 Rd3+ 43.
Kg2 Rd2+ 44. Kg3 Rd3+ 45. Kf2 Rxa3 46. Rxg5 Rxh3 47. Rg6 Ra3 48. g5 Kf5 49. Rg8 Ra4 50. g6 Kf6 51. Kf3 Rxb4 52. Ra8 Ra4 53. Rg8 a5 54.
Ke3 Ra3+ 55. Kd2 a4 56. Kc2 Rg3 57. Rb8 Rg5 58. Kc3 Kxg6 59. Kb4 Kh5 60. Rh8+ Kg4 61.
Rc8 Kf4 62. Rf8+ Ke4 63. Re8+ Re5 64. Rd8 Rd5 65. Re8+ Kd4 66. Rh8 Kd3 67. Rh3+ Kc2 68. Rh2+ Rd2 69. Rh8 Rd4+ 70. Kxb5 a3 71. Rh2+ Kb3 72.
Rh3+ Kb2 73. Rh2+ Kc3 74. Rh3+ Rd3 75. Rh8 Kb3 76. Ra8 a2 77. Kc5 Rd1 78. Rb8+ Kc2 0-1

[Event "Late-Titled-Tuesday-Blitz-February-06-2024"]
[Site "Chess.com"]
[Date "2024.02.06"]
[Round "4"]
[White "Onthequiet"]
[Black "GeorgiosSouleidis"]
[Result "1/2-1/2"]
[WhiteElo "2459"]
[BlackElo "2693"]
[TimeControl "180+1"]
[EndTime "14:40:54 PST"]
[Termination "Game drawn by repetition"]

1. d4 Nf6 2. Nf3 g6 3. Bg5 Bg7 4. Nbd2 d5 5. c3 O-O 6. e3 Nbd7 7. b4 Re8 8. Be2 e5 9. O-O e4 10. Ne1 c6 11. a4 Nf8 12. Nc2 h6 13. Bh4 h5 14. c4 N8h7 15. b5 Be6 16. a5 a6 17.
bxc6 bxc6 18. Nb4 Qc8 19. c5 Bg4 20. Bxg4 Nxg4 21. h3 Nh6 22. Bg3 Nf5 23. Bh2 Qd7 24. Qe2 Ng5 25. Rfb1 Nxd4 26. exd4 Bxd4 27. Nb3 Bxa1 28.
Rxa1 d4 29. Bd6 d3 30. Qe3 Ne6 31. Nd2 Ng7 32. Qf4 f5 33. Nc4 Qe6 34. Nb6 Qf6 35. Rf1 g5 36. Qc1 Rad8 37. Nxa6 f4 38. Nc7 Rf8 39.
Qc4+ Kh8 40. Bxf8 Rxf8 41. Nd7 Qf7 42. Qxf7 Rxf7 43. Ne5 Rxc7 44. a6 d2 45. Ra1 e3 46.
fxe3 fxe3 47. Kf1 Ra7 48. Ke2 Ne6 49. Nxc6 Ra8 50. Ne7 Nxc5 51. Ng6+ Kg7 52. Ne5 Rxa6 53.
Rxa6 Nxa6 54. Nc4 Nb4 55. Nxe3 Nc6 56. Kxd2 Kg6 57. Ke2 Ne5 58. Kf2 Nf7 59. g3 Nh6 60.
Kg2 Nf7 61. Nd5 Ne5 62. Ne3 Kf6 63. Nd5+ Kg7 64. Ne3 Nd3 65. Nf5+ Kg6 66. Ne3 Ne1+ 67. Kf2 Nd3+ 68. Kg2 Nc5 69. Nd5 Ne4 70. Ne3 Nf6 71.
Kf3 Kf7 72. g4 h4 73. Nf5 Kg6 74. Kg2 Nd5 75. Nd6 Nf4+ 76. Kh2 Nd3 77. Ne4 Ne5 78. Kg2 Nf7 79. Kh2 Ne5 80. Kg2 Nc4 81. Kh2 Ne3 82. Kg1 Nd5 83. Kh2 Nf6 84. Nd6 Nd7 85. Ne4 Ne5 1/2-1/2

[Event "Late-Titled-Tuesday-Blitz-February-06-2024"]
[Site "Chess.com"]
[Date "2024.02.06"]
[Round "4"]
[White "Vladimir_Zakhartsov"]
[Black "Chessdreamer2020"]
[Result "1-0"]
[WhiteElo "2819"]
[BlackElo "2563"]
[TimeControl "180+1"]
[EndTime "14:40:55 PST"]
[Termination "Vladimir_Zakhartsov won by resignation"]

1. Nf3 d6 2. d4 Bg4 3. e4 Nf6 4. Nc3 e6 5. h3 Bxf3 6. Qxf3 d5 7.
Bg5 dxe4 8. Nxe4 Nbd7 9. Nxf6+ gxf6 10. Be3 c6 11. O-O-O Qa5 12. Kb1 O-O-O 13. g4 Bd6 14. Bc4 Be7 15. Bb3 Nb6 16. c3 Nd5 17. Bd2 Qb6 18.
h4 Kb8 19. g5 f5 20. Qh5 Rdf8 21. c4 Nc7 22. Bf4 Kc8 23. Qh6 Qb4 24. Be5 Rhg8 25. Qxh7 a5 26. Rc1 a4 27. Bd1 a3 28. b3 Na6 29.
Qh5 Qd2 30. Qe2 Qxe2 31. Bxe2 f6 32. gxf6 Bxf6 33. Bxf6 Rxf6 34. Rcg1 Rfg6 35. Rxg6 Rxg6 36. h5 Rh6 37. Rg1 Nc7 38. Kc2 Ne8 39. Rg6 Rh7 40. Rxe6 Kd7 41. Rg6 Ke7 42. Kc3 Kf7 43. Kb4 Nf6 44.
Kxa3 Nxh5 45. Bxh5 Rxh5 46. Rg2 Rh4 47. Kb4 Rxd4 48.
Rh2 Rd2 49. a4 Rb2 50. Rh7+ Ke6 51. Rxb7 Rxf2 52. Kc5 f4 53. Kxc6 f3 54. Rb8 Ke7 55. Rh8 Rb2 56. Rh1 Rxb3 57. Rf1 Rb4 58. c5 Rxa4 59.
Rxf3 Ra6+ 60. Kb7 Ra4 61. Re3+ Kd7 62. Rd3+ Ke7 63. c6 Rb4+ 64. Kc8 Rc4 65. c7 Rb4 66. Re3+ Kd6 67. Kd8 Rc4 68. c8=Q Rxc8+ 69. Kxc8 Kd5 70. Re8 Kd4 71. Rd8+ Kc5 72. Kc7 Kb5 73. Rd6 Kb4 74. Kc6 Kb3 75. Rd4 Kc3 76. Kc5 Kb3 77. Rd3+ Kb2 78. Kc4 Kc2 79. Rd4 Kb2 80. Rd2+ Kc1 81. Kc3 Kb1 82. Rf2 1-0

[Event "Late-Titled-Tuesday-Blitz-February-06-2024"]
[Site "Chess.com"]
[Date "2024.02.06"]
[Round "4"]
[White "FaustinoOro"]
[Black "rasmussvane"]
[Result "1-0"]
[WhiteElo "2759"]
[BlackElo "2957"]
[TimeControl "180+1"]
[EndTime "14:41:02 PST"]
[Termination "FaustinoOro won by resignation"]

1. e4 c6 2. Nf3 d5 3. Nc3 dxe4 4.
Nxe4 Nf6 5. Qe2 Nxe4 6. Qxe4 Qa5 7. Bc4 Bf5 8. Qf4 e6 9. c3 Qd8 10. d4 Bd6 11. Qe3 O-O 12. O-O Nd7 13. h3 Re8 14. Rd1 Qc7 15. Bd3 Bxd3 16. Qxd3 h6 17. Be3 Rad8 18. Qc4 Nb6 19. Qb3 Nd5 20. Bd2 b5 21. a4 a6 22. Re1 Rb8 23. axb5 axb5 24. Qc2 Ra8 25. b3 c5 26. dxc5 Qxc5 27. Qd3 Be7 28. c4 bxc4 29. bxc4 Nb6 30. Rxa8 Rxa8 31. Rc1 Rd8 32.
Qe4 Nd7 33. Be3 Qc7 34. Nd4 Nc5 35. Qc6 Rc8 36. Qxc7 Rxc7 37. Nb5 Rd7 38. Kf1 f5 39. Ke2 Kf7 40. Ra1 e5 41. Ra7 Rxa7 42. Nxa7 Nb7 43. Nc6 Bd6 44. f3 Ke6 45. Na7 Be7 46. Nb5 Bd8 47. g4 f4 48. Bf2 Be7 49. Kd3 Bc5 50. Be1 g6 51. Nc7+ Kd7 52. Nd5 Ke6 53. Nc7+ Kd7 54.
Nd5 Ba7 55. Bb4 Ke6 56. Nc7+ Kd7 57. Nd5 Nd8 58. Ke4 Nf7 59. c5 Kc6 60. Ne7+ Kb5 61.
c6 Kxb4 62. c7 Bb6 63. c8=Q Nd6+ 64. Kxe5 Nxc8 65. Nxc8 Be3 66. Ne7 g5 67. Nf5 Kc4 68. Nxh6 Kd3 69. Nf7 Bd4+ 70. Kf5 Ke3 71. Nxg5 Bc5 72.
h4 Be7 73. h5 Bxg5 74. Kxg5 Kxf3 75. h6 Kg3 76. h7 f3 77. h8=Q f2 78. Qc3+ Kg2 79.
Qd2 Kg1 80. Qxf2+ Kh1 81. Qe2 Kg1 82. Kh4 1-0

[Event "Late-Titled-Tuesday-Blitz-February-06-2024"]
[Site "Chess.com"]
[Date "2024.02.06"]
[Round "4"]
[White "DonkyDonkyDonkey"]
[Black "maciek_92"]
[Result "1/2-1/2"]
[WhiteElo "2931"]
[BlackElo "2813"]
[TimeControl "180+1"]
[EndTime "14:41:03 PST"]
[Termination "Game drawn - insufficient material"]

1. d4 Nf6 2. Nc3 d5 3. Bf4 e6 4. Nb5 Na6 5. e3 Be7 6. h3 O-O 7. Nf3 c6 8. Nc3 c5 9. Bxa6 bxa6 10. O-O Bd7 11. Ne5 Be8 12. a3 Rc8 13. Qe2 cxd4 14.
exd4 Qb6 15. Nd3 Qxd4 16. Rad1 Bb5 17. Be3 Bxd3 18. cxd3 Qh4 19. Bxa7 Bxa3 20. d4 Bb4 21. Qxa6 Bxc3 22. bxc3 Ne4 23. Rd3 Ra8 24. Qb7 Rac8 25.
Qb2 Qe7 26. Ra1 Ra8 27. Bb6 Rab8 28. Rdd1 Nd6 29. Rdb1 Qb7 30. Qc2 Qc6 31. Bc5 Rxb1+ 32. Rxb1 Rd8 33. Rb6 Qc7 34. Qb1 Ne4 35. Rb7 Qf4 36.
Qe1 h5 37. Bb4 Ra8 38. f3 Ng3 39. c4 Ra2 40. Rd7 Ne2+ 41. Kh1 Nxd4 42. Rd8+ Kh7 43. Qb1+ Rc2 44. cxd5 Qf5 45. Qg1 Nxf3 46. Qf1 Nh4 47. Qxf5+ Nxf5 48. d6 Rc1+ 49. Kh2 Rd1 50. g4 Kg6 51.
gxf5+ Kxf5 52. d7 e5 53. Kg2 f6 54. Kf2 g5 55. Ke2 Rd4 56. Bc3 Rd5 57. Ba5 Ke6 58. Bd2 Rxd7 59. Rh8 h4 60. Rf8 Kf5 61. Bb4 Rb7 62. Bc5 Rc7 63. Bd6 Rc6 64. Be7 Kg6 65. Kf3 Re6 66. Bb4 Kf5 67. Rc8 e4+ 68. Ke3 g4 69. hxg4+ Kxg4 70. Rg8+ Kf5 71. Be1 h3 72. Rh8 Rd6 73. Rh5+ Kg6 74. Rh8 f5 75. Kf4 Rd3 76. Ke5 Rf3 77. Rg8+ Kf7 78. Rg5 h2 79. Rh5 Rf1 80. Rxh2 Rxe1 81. Kxf5 Ke7 82. Ke5 Kf7 83. Rh4 e3 84. Re4 Kg6 85. Kf4 Rf1+ 86. Kxe3 Re1+ 87. Kf3 Rxe4 88. Kxe4 1/2-1/2

[Event "Late-Titled-Tuesday-Blitz-February-06-2024"]
[Site "Chess.com"]
[Date "2024.02.06"]
[Round "4"]
[White "bascheyaro"]
[Black "Rud_Makarian"]
[Result "0-1"]
[WhiteElo "2781"]
[BlackElo "3038"]
[TimeControl "180+1"]
[EndTime "14:41:06 PST"]
[Termination "Rud_Makarian won by resignation"]

1. d4 Nf6 2. Nf3 c5 3. e3 d5 4. Be2 Nc6 5. O-O cxd4 6. exd4 Bg4 7. c3 e6 8. Bf4 Bd6 9. Bxd6 Qxd6 10. Nbd2 O-O 11.
Re1 Nd7 12. h3 Bh5 13. Nf1 Rab8 14. Ng3 Bg6 15. Bd3 Bxd3 16. Qxd3 b5 17. a3 a5 18. b4 h6 19. Nh5 g6 20. Ng3 Qf4 21. Ne2 Qf6 22.
Nc1 a4 23. Qd2 Kg7 24. Nd3 Nb6 25.
Nc5 Nc4 26. Qe2 Rbd8 27. Nd2 Nd6 28. Qf1 Rfe8 29. f4 g5 30. g3 gxf4 31. Qxf4 Qxf4 32. gxf4 Kf6 33. Kf2 Rg8 34. Nf3 Nc4 35. Rg1 Rxg1 36. Nxg1 Rg8 37. Nf3 Kf5 38. Ne5 N6xe5 39. fxe5 h5 40.
Nb7 h4 41. Nd6+ Kf4 42. Nxb5 Rg3 43. Nd6 Rxh3 44. Nxf7 Rxc3 45. Nd8 Rc2+ 46. Kg1 Kg3 47. Nxe6 Nd2 48. Ng5 Kg4 49. e6 Kxg5 50. e7 Rc8 51. Rd1 Ne4 52. Kg2 Re8 53. b5 Rxe7 54. b6 Rb7 55. Rb1 Nd6 56. Rb4 Kf4 57. Rxa4 Rxb6 58. Ra8 Ke4 59. Kh3 Kxd4 60. a4 Nc4 61. a5 Rb4 62. a6 Ra4 63. Kxh4 Nb6 64. Rg8 Kc5+ 65. Kg3 Rxa6 66. Kf2 Nc4 67. Ke2 Ra2+ 68. Kd3 Ra3+ 69. Kc2 Rh3 70. Rf8 Ne5 71. Rc8+ Kd4 72. Ra8 Rc3+ 73.
Kd2 Nc4+ 74. Ke2 Re3+ 75. Kd1 Rh3 76. Rg8 Rh2 77. Ke1 Kd3 78. Rg3+ Ne3 79. Rg2 Rh1+ 80. Kf2 Nxg2 81. Kf3 Re1 0-1

[Event "Late-Titled-Tuesday-Blitz-February-06-2024"]
[Site "Chess.com"]
[Date "2024.02.06"]
[Round "4"]
[White "HansOnTwitch"]
[Black "Genghis_K"]
[Result "0-1"]
[WhiteElo "3152"]
[BlackElo "2914"]
[TimeControl "180+1"]
[EndTime "14:41:12 PST"]
[Termination "Genghis_K won by resignation"]

1. e4 c5 2. Nf3 d6 3. d4 cxd4 4.
Nxd4 Nf6 5. Nc3 a6 6. h3 e6 7. g4 h6 8. Bg2 Be7 9. Be3 Nc6 10. O-O Nd7 11. f4 O-O 12. Nxc6 bxc6 13. Qd2 Rb8 14. b3 d5 15. Na4 Nf6 16. e5 Nd7 17. Rae1 c5 18.
c4 d4 19. Bf2 Bb7 20. Bg3 Bh4 21. Kh2 Bxg3+ 22. Kxg3 Qc7 23. h4 Rbe8 24. Bxb7 Qxb7 25. Nb2 f6 26. Nd3 fxe5 27. fxe5 Rxf1 28. Rxf1 Qc7 29. Qe2 a5 30. g5 hxg5 31. hxg5 Rf8 32. Rxf8+ Nxf8 33. Qe4 Qe7 34. Kg4 Nh7 35. Qa8+ Nf8 36.
Nf4 Qf7 37. Qe4 g6 38. Kg3 Kg7 39. Kg4 Kg8 40. Kg3 Kg7 41. Kg2 Qe7 42. Nh3 Qf7 43. Qf4 Nd7 44. Kg3 Qe7 45. Nf2 Qf7 46. Qxf7+ Kxf7 47. Kf4 Ke7 48. Nd3 Kf7 49. Ke4 Ke7 50.
a3 Kd8 51. Nf4 Nf8 52. Nd3 Nd7 53. b4 cxb4 54. axb4 a4 55. Kxd4 a3 56. Kc3 Kc7 57. Kb3 Nb6 58. c5 Nd5 59. Kxa3 Nc3 60. Kb3 Ne4 61.
b5 Nxg5 62. Kc4 Nf3 63. b6+ Kc6 64. Nb4+ Kb7 65. Kb5 Nd4+ 66. Kc4 Nf3 67. Nd3 g5 68. Nb4 g4 69. Kb5 Nd4+ 70. Kc4 g3 71. Kxd4 g2 72. Kc4 g1=Q 73. Nd3 Qe3 74. Kc3 Qe4 75. Kd2 Qd4 76. Kc2 Kc6 77. Kd2 Qe4 78. Kc3 Qe3 79. Kc4 Qe2 80.
Kd4 Qg4+ 81. Kc3 Qh4 82. Kb3 Qd4 83. Kc2 Qc4+ 84. Kd2 Qb3 85. Ke3 Kd5 86. Kd2 Kd4 87. Nc1 Qc3+ 88. Kd1 Kxc5 89. b7 Qd4+ 90. Kc2 Qc4+ 91.
Kb2 Qb4+ 92. Nb3+ Kd5 0-1

[Event "Late-Titled-Tuesday-Blitz-February-06-2024"]
[Site "Chess.com"]
[Date "2024.02.06"]
[Round "4"]
[White "Mikasinski"]
[Black "Fandorine"]
[Result "1-0"]
[WhiteElo "2615"]
[BlackElo "2935"]
[TimeControl "180+1"]
[EndTime "14:41:21 PST"]
[Termination "Mikasinski won by checkmate"]

1. e4 e5 2. Nf3 Nc6 3. Nc3 Nf6 4. Bb5 Bb4 5. O-O O-O 6. d3 Bxc3 7. bxc3 d6 8. Re1 Bd7 9. Rb1 Ne7 10. Bc4 b6 11. d4 Ng6 12. h3 Re8 13. Ng5 Rf8 14. Ba3 h6 15. Nf3 Re8 16. Bd3 Nh7 17. dxe5 dxe5 18.
Bc4 c6 19. Qd6 Be6 20. Bxe6 Rxe6 21. Qxd8+ Rxd8 22. Rbd1 Ree8 23. Rd6 Rxd6 24. Bxd6 c5 25.
Rd1 Rd8 26. Rd2 Nf6 27. Bc7 Re8 28. Re2 Nd7 29. Rd2 Ngf8 30. c4 f6 31. a4 Kf7 32.
a5 Rc8 33. axb6 axb6 34. Bd6 Ne6 35. c3 h5 36. Ne1 Ra8 37. f3 Ke8 38. Kf2 Ra4 39.
Nc2 Rxc4 40. Rd3 Ra4 41. Ne3 Ra2+ 42. Kf1 g6 43. Nd5 Rc2 44. Rd1 Ra2 45. Rb1 Ra6 46.
Bc7 Kf7 47. Bxb6 Nf4 48. Nxf4 Rxb6 49. Rd1 Nb8 50. Nd5 Rb3 51. Ra1 Rb7 52. Ra8 Nd7 53.
Ra6 f5 54. exf5 gxf5 55. Ne3 f4 56. Nc4 Rb1+ 57. Ke2 Rc1 58. Kd2 Rg1 59. Ra7 Ke6 60. Kd3 Rd1+ 61. Kc2 Rg1 62. Ra6+ Ke7 63. Ra7 Rxg2+ 64.
Kb3 Ke6 65. Ra6+ Kf5 66. Nd6+ Kg6 67. Ne4+ Kf7 68. Ra7 Ke8 69. Nd6+ Ke7 70. Ne4 Kd8 71. Ra8+ Kc7 72. Ra7+ Kc6 73. Ra6+ Kb5 74. Rd6 c4+ 75. Ka3 Nb6 76. Rd8 h4 77. Nd6+ Kc6 78. Nf5 Rg3 79.
Rd6+ Kc5 80. Re6 Rxf3 81. Rxe5+ Nd5 82. Ne7 Rxc3+ 83. Kb2 Rd3 84. Ng6 f3 85. Nf4 Rd2+ 86. Kc1 c3 87. Ne6+ Kc4 88. Re4+ Kd3 89. Nc5# 1-0

[Event "Late-Titled-Tuesday-Blitz-February-06-2024"]
[Site "Chess.com"]
[Date "2024.02.06"]
[Round "4"]
[White "traviscottofficial"]
[Black "Chempiblinka"]
[Result "1-0"]
[WhiteElo "2678"]
[BlackElo "2350"]
[TimeControl "180+1"]
[EndTime "14:41:50 PST"]
[Termination "traviscottofficial won on time"]

1. d4 Nf6 2. c4 g6 3. Nc3 Bg7 4. e4 d6 5. Nf3 O-O 6. Be2 Bg4 7. O-O Nfd7 8. Be3 Nc6 9. Nd2 Bxe2 10. Nxe2 e5 11. d5 Nd4 12. Bxd4 exd4 13. Nb3 Qh4 14. f3 Ne5 15. Rc1 d3 16. Ng3 c5 17. dxc6 bxc6 18.
Nh1 Bh6 19. Rc3 Be3+ 20. Nf2 c5 21. Qe1 Bf4 22. Ng4 Qxe1 23. Rxe1 d2 24. Rd1 Nxg4 25. fxg4 Rfe8 26. g3 Be5 27. Rc2 Bg7 28. Nxd2 Bd4+ 29. Kg2 Rab8 30. b3 a5 31. Kf3 a4 32. Rb1 a3 33.
Re1 Bb2 34. Nb1 Re5 35. Nc3 Rbe8 36. Nd5 Kg7 37. Rce2 h6 38. h4 Bd4 39. Nf4 Bb2 40.
Nd3 R5e7 41. Nxb2 axb2 42. Rxb2 f5 43. Rbe2 fxe4+ 44. Rxe4 Rxe4 45. Rxe4 Rf8+ 46. Kg2 Ra8 47. Re2 Kf6 48. Rd2 Ke6 49. Kf2 Rf8+ 50. Ke2 Rf6 51. Rd3 Rf8 52. Rd2 Ra8 53. Ke3 Kd7 54. Kd3 Re8 55. Re2 Rf8 56. Ke3 Re8+ 57. Kf3 Rf8+ 58. Kg2 Ra8 59. Rf2 Re8 60. g5 hxg5 61. Kh3 gxh4 62. Kxh4 Re3 63. g4 Ke6 64. Kg5 Rg3 65.
Re2+ Kd7 66. Rf2 Rg1 67. Rb2 Ke7 68. a4 Ke6 69. Ra2 Rb1 70. a5 Rxb3 71. a6 Rb8 72.
a7 Ra8 73. Ra6 Ke5 74. Kxg6 Kd4 75. Kf6 Kxc4 76. g5 d5 77. g6 d4 78. g7 d3 79.
Ra1 d2 80. Rd1 Kc3 81. Ke5 Kc2 82. Rg1 d1=Q 83. Rxd1 Kxd1 84. Kd5 c4 85. Kxc4 Ke2 86. Kc5 Ke3 87. Kc6 Kf4 88. Kb7 Rg8 89. a8=Q Rxg7+ 90. Kb6 Rg6+ 91. Kc5 Rg5+ 92. Kd4 Rf5 93. Qe4+ Kg5 94.
Qe7+ Kg4 95. Ke3 Rf3+ 96. Ke2 Rf4 97. Qe6+ Kg5 98. Qg8+ Kf5 99. Ke3 Re4+ 100. Kd3 Rf4 101. Qh7+ Ke5 102. Qg6 Rf3+ 103. Kc4 Rf4+ 104. Kc5 Rf6 105. Qg4 Rf5 106. Kc4 Kf6 107. Qd4+ 1-0